AoeStats
← So sad

African Clearing

506189113Analyzed
3v3 RM · 19d ago on Sep 12, 2026· 44m 44s· 6 players
Game mode
Random Map
Map size
Normal (6 player)
Population
200
Speed
Normal
Resources
Standard
Victory
Conquest
Starting age
Dark Age
Ending age
Imperial Age
RankedLock teamsTeams togetherTeam positionsShared explorationLock speedFull tech treeHidden civsTurbo modeCheats
Victory
Defeat
🇨🇳 Vikings · China
1418
+13
🇨🇳 Slavs · China
1387
+15
🇨🇳 Maya · China
1342
+17
🇺🇦 Turks · Ukraine
1360
-15
🇧🇾 Goths · Belarus
1359
-15
🇧🇾 Sicilians · Belarus
1352
-15
So sad
13:44 Feudal Age
14:48 Loom
17:54 Castle Age
16:02 Double-Bit Axe
17:34 Scale Barding Armor
18:22 Forging
26:21 Fletching
27:09 Husbandry
28:46 Town Watch
30:56 Pikeman
32:38 Squires
38:22 Bloodlines
43:04 Chain Barding Armor
NiL
6:09 Loom
14:04 Feudal Age
17:40 Castle Age
17:09 Scale Barding Armor
19:29 Double-Bit Axe
20:12 Horse Collar
31:12 Wheelbarrow
30:23 Town Watch
33:06 Hand Cart
33:40 Gold Mining
36:30 Imperial Age
36:03 Forging
36:13 Chain Barding Armor
35:43 Fletching
36:21 Bloodlines
36:11 Husbandry
39:03 Plate Barding Armor
42:38 Bodkin Arrow
43:51 Iron Casting
HURMA
4:59 Loom
13:36 Feudal Age
14:10 Double-Bit Axe
14:08 Man-at-Arms
20:42 Castle Age
19:21 Scale Mail Armor
19:12 Horse Collar
20:52 Forging
21:32 Bow Saw
21:35 Long Swordsman
23:44 Squires
25:05 Chain Mail Armor
26:03 Pikeman
28:00 Wheelbarrow
29:00 Town Watch
41:45 Imperial Age
39:57 Heavy Plow
41:14 Fletching
42:01 Iron Casting
42:21 Hand Cart
42:23 Bodkin Arrow
44:10 Anarchy
45:24 Blast Furnace
CTO
14:18 Feudal Age
13:07 Loom
14:16 Loom
14:51 Double-Bit Axe
15:20 Double-Bit Axe
19:53 Castle Age
20:37 Wheelbarrow
19:51 Town Watch
20:16 Forging
24:37 Bloodlines
25:02 Gold Mining
25:35 Bow Saw
26:29 Iron Casting
28:39 Horse Collar
30:27 Wheelbarrow
30:58 Heavy Plow
32:57 Stone Mining
38:07 Imperial Age
36:02 Detinets
36:43 Iron Casting
36:54 Gold Shaft Mining
36:38 Scale Barding Armor
37:49 Fletching
38:16 Hand Cart
39:27 Conscription
40:31 Two-Man Saw
40:16 Chain Barding Armor
40:51 Bodkin Arrow
42:54 Hoardings
43:28 Masonry
43:39 Ballistics
45:48 Chemistry
七少爷
6:06 Loom
13:58 Feudal Age
18:59 Castle Age
18:13 Double-Bit Axe
19:09 Stone Mining
19:27 Gold Mining
21:20 Horse Collar
24:52 Gold Shaft Mining
32:57 Scale Barding Armor
39:44 Bow Saw
40:42 Town Watch
47:53 Imperial Age
帝国的铁汉
14:56 Feudal Age
13:13 Loom
18:38 Castle Age
17:23 Double-Bit Axe
19:43 Squires
20:20 Eagle Warrior
23:15 Scale Mail Armor
27:40 Wheelbarrow
29:55 Gold Mining
29:47 Horse Collar
32:42 Heavy Plow
32:53 Bow Saw
32:41 Stone Mining
34:48 Pikeman
38:24 Imperial Age
36:21 Chain Mail Armor
36:17 Forging
36:32 Hand Cart
36:03 Town Watch
36:11 Arson
39:36 Iron Casting
39:30 Conscription
38:37 Elite Eagle Warrior
40:02 Plate Mail Armor
40:59 Holcans
41:49 Blast Furnace
40:35 Halberdier
41:48 Crop Rotation
Connection lost

Rejoining the realm…

Still unreachable

The connection could not be restored.

Session expired

The server has moved on; the page needs a fresh start.